 Dungeon Crawl Stone Soup version 0.17-a0-1996-gd2c0ec8 (webtiles) character file.

6930 brucemayne the Severer (level 11, -2/89 HPs)
             Began as a Hill Orc Berserker on Oct 7, 2015.
             Was an Elder of Trog.
             Shot with a bolt by an orc warrior (8 damage)
             ... on level 4 of the Orcish Mines.
             The game lasted 00:21:31 (4050 turns).

brucemayne the Severer (Hill Orc Berserker)         Turns: 4050, Time: 00:21:32

Health: -2/89      AC: 14    Str: 23 (24) XL:     11   Next: 7%
Magic:  11/11      EV:  7    Int:  7      God:    Trog [****..]
Gold:   1135       SH:  0    Dex: 10      Spells: 0 memorised, 10 levels left

rFire  . . .     SeeInvis .     L - +0 battleaxe
rCold  . . .     Clarity  .     j - +0 plate armour
rNeg   . . .     SustAt   .     (no shield)
rPois  +         Gourm    .     (no helmet)
rElec  .         Spirit   .     (no cloak)
rCorr  .         Warding  .     (no gloves)
rMut   .         Stasis   .     D - +0 pair of boots
MR     ++...                    (no amulet)
Stlth  ..........               (no ring)
                                d - ring of poison resistance

@: regenerating, very resistant to hostile enchantments, extremely unstealthy
A: molten scales 1, deterioration 1
a: Burn Spellbooks, Berserk, Trog's Hand, Brothers in Arms, Renounce Religion


You were on level 4 of the Orcish Mines.
You worshipped Trog.
Trog was greatly pleased with you.
You were not hungry.

You visited 2 branches of the dungeon, and saw 16 of its levels.

You collected 1135 gold pieces.

Inventory:

Hand Weapons
 a - a +0 hand axe
 q - a +0 war axe
 K - a +0 whip of electrocution
 L - a +0 battleaxe (weapon)
Missiles
 h - 3 silver tomahawks
 k - 11 tomahawks (quivered)
 v - 22 poisoned needles
 y - a throwing net
Armour
 b - a +0 animal skin
 f - a +0 scale mail
 j - a +0 plate armour (worn)
 D - a +0 pair of boots (worn)
 G - a +0 chain mail
Magical Staves
 E - an uncursed staff of poison {unknown}
Jewellery
 d - a ring of poison resistance (left hand)
Wands
 u - a wand of confusion (22)
 w - a wand of enslavement (7)
 H - a wand of digging (19)
 I - a wand of heal wounds (0)
 J - a wand of random effects (11)
Scrolls
 e - 2 scrolls of teleportation
 g - 2 scrolls of random uselessness
 i - 4 scrolls of remove curse
 l - 2 scrolls of recharging
 n - 3 scrolls of noise
 p - a scroll of magic mapping
 r - 2 scrolls of enchant weapon {unknown}
 x - a scroll of fear {unknown}
 A - 3 scrolls of blinking {unknown}
Potions
 m - a potion of invisibility {unknown}
 o - a potion of cancellation {unknown}
 s - a potion of might
 t - 2 potions of flight {unknown}
 B - a potion of curing {unknown}
 C - a potion of haste {unknown}
 F - 4 potions of agility {unknown}
Comestibles
 c - 5 bread rations
 z - 3 beef jerkies
 M - 6 chunks of flesh


   Skills:
 + Level 6.0 Fighting
 - Level 18.7 Axes
 + Level 5.0 Armour
 - Level 1.5 Dodging


You had 10 spell levels left.
You didn't know any spells.

Dungeon Overview and Level Annotations

Branches:
Dungeon (12/15)               Orc (4/4) D:12
 Temple: D:4-7         Lair: D:8-11         Elf: Orc:3-4

Altars:
Cheibriados
Gozag
Kikubaaqudgha
Nemelex Xobeh
Vehumet
Beogh

Portals:
Ice
Cave: Orc:4

Annotations:
D:3 Terence


Innate Abilities, Weirdness & Mutations

You are partially covered in molten scales (AC +1).
Your body sometimes deteriorates upon taking damage.


Message History

Unknown command.
Unknown command.
Unknown command.
Unknown command.
Unknown command.
Evoke which item? (* to show all) (? for menu, Esc to quit)
Okay, then.
Read which item? (? for menu, Esc to quit)
Okay, then.
Evoke which item? (* to show all) (? for menu, Esc to quit)
Zapping:
I - a wand of heal wounds {zapped: 7} (will waste charges)
Press: ? - help, Shift-Dir - straight line, f - you Nothing appears to happen.
You feel the effects of Trog's Hand fading.
The orc warrior shouts!
The orc warrior unwields an uncursed glaive.
The orc warrior wields an uncursed arbalest.
The orc warrior shoots a bolt.
The bolt closely misses you.
The orc warrior shoots a bolt.
The bolt hits you!
You die...

#...##..#..#.#***,,,*
##.#..........##.#.**
#....c.............,*
##(#.o.............**
##.ooco((.........*#*
#####..o.c.(..._.....#.#*
.....oo............#....***
......((...............#,,**
..##.o##(.......@(......,,,*
,.....,##..............#,,**
...o..,,#o...........$..,,,*
.....o,,...........o....,,**
≈≈....,.#.....$.........,,,*
≈≈≈o..,,#...............,,,*
oo.o..,,..............o.,,,*
,o,,,,,,,.........oo....,,,*
≈≈≈,,,,,*,,,,,,,,,,,,,,,,,,*


You could see 4 orc warriors, 3 centaurs and 3 orcs.

Vanquished Creatures
  Josephine (Orc:2)
  A hill giant (D:11)
  An orc sorcerer (Orc:2)
  An ugly thing (D:12)
  A troll (Orc:2)
  Grinder (D:3)
  A boulder beetle (Orc:2)
  A yak (Orc:4)
  A wraith (Orc:3)
  A hippogriff (D:8)
  A hungry ghost (D:8)
  A wolf (Orc:4)
  2 wargs
  A phantom (D:7)
  5 ogres
  2 black bears
  6 orc warriors
  A sky beast (D:6)
  A crocodile (D:9)
  A centaur (D:3)
  2 giant frogs
  A scorpion (D:8)
  2 crimson imps
  3 wights (D:9)
  2 vampire bats (D:6)
  A centaur skeleton (D:6)
  A giant frog skeleton (D:12)
  A hound (D:12)
  19 orc priests
  12 orc wizards
  5 worker ants
  An iguana (D:7)
  A hound zombie (D:5)
  A hound skeleton (D:8)
  6 adders
  An ooze (D:6)
  An adder zombie (D:7)
  A worm (D:3)
  2 giant geckos
  84 orcs
  4 bat skeletons (D:6)
  2 bat zombies (D:6)
  3 giant cockroaches
  4 goblins
  10 hobgoblins
  2 quokkas
  A ball python (D:3)
  4 bats
  2 giant newts (D:2)
  6 kobolds
  A quokka skeleton (D:4)
  4 rats
221 creatures vanquished.

Vanquished Creatures (others)
  An orc (Orc:2)
1 creature vanquished.

Grand Total: 222 creatures vanquished

Notes
Turn   | Place    | Note
--------------------------------------------------------------
     0 | D:1      | brucemayne the Hill Orc Berserker began the quest for the Orb.
     0 | D:1      | Reached XP level 1. HP: 19/19 MP: 1/1
   222 | D:2      | Reached XP level 2. HP: 24/26 MP: 2/2
   231 | D:2      | Reached skill level 5 in Axes
   334 | D:2      | Reached XP level 3. HP: 27/31 MP: 3/3
   408 | D:2      | Acquired Trog's second power
   506 | D:3      | Reached skill level 6 in Axes
   561 | D:3      | Noticed Grinder
   594 | D:3      | Paralysed by Grinder for 5 turns
   625 | D:3      | Killed Grinder
   625 | D:3      | Reached skill level 8 in Axes
   625 | D:3      | Reached XP level 4. HP: 15/39 MP: 4/4
   625 | D:3      | Reached XP level 5. HP: 17/45 MP: 5/5
   625 | D:3      | Reached XP level 6. HP: 19/51 MP: 6/6
   664 | D:3      | Noticed Terence
   690 | D:3      | Noticed a centaur
   800 | D:3      | Killed a centaur
   800 | D:3      | Reached skill level 9 in Axes
   928 | D:5      | Entered Level 5 of the Dungeon
  1087 | D:6      | Reached skill level 10 in Axes
  1087 | D:6      | Reached XP level 7. HP: 42/57 MP: 7/7
  1215 | D:6      | Gained mutation: Your body sometimes deteriorates upon taking damage. [mutagenic meat]
  1258 | D:6      | Found an ancient bone altar of Kikubaaqudgha.
  1271 | D:6      | Reached skill level 11 in Axes
  1452 | D:7      | Reached XP level 8. HP: 41/64 MP: 8/8
  1462 | D:7      | Found a radiant altar of Vehumet.
  1472 | D:7      | Reached skill level 12 in Axes
  1473 | D:7      | Found a snail-covered altar of Cheibriados.
  1477 | D:7      | Found a sparkling altar of Nemelex Xobeh.
  1520 | D:7      | Gained mutation: Your spells are a little easier to cast, but a little less powerful. [potion of mutation]
  1520 | D:7      | Gained mutation: You are partially covered in molten scales (AC +1). [potion of mutation]
  1520 | D:7      | Lost mutation: Your spells are a little easier to cast, but a little less powerful. [potion of mutation]
  1850 | D:8      | Reached skill level 13 in Axes
  2079 | D:9      | Reached skill level 14 in Axes
  2083 | D:9      | Reached XP level 9. HP: 60/70 MP: 9/9
  2121 | D:9      | Found an opulent altar of Gozag.
  2209 | D:10     | Entered Level 10 of the Dungeon
  2253 | D:11     | Noticed a hill giant
  2261 | D:11     | Killed a hill giant
  2261 | D:11     | Reached skill level 15 in Axes
  2512 | D:12     | Noticed a brown ugly thing
  2533 | D:12     | Killed a brown ugly thing
  2533 | D:12     | Reached skill level 16 in Axes
  2714 | D:12     | Reached XP level 10. HP: 51/77 MP: 10/10
  2735 | D:12     | Found a staircase to the Orcish Mines.
  2789 | Orc:1    | Entered Level 1 of the Orcish Mines
  2789 | Orc:1    | Found a roughly hewn altar of Beogh.
  2840 | Orc:2    | Noticed an orc sorcerer
  3080 | Orc:2    | Paralysed by an orc sorcerer for 7 turns
  3098 | Orc:2    | Killed an orc sorcerer
  3098 | Orc:2    | Reached skill level 5 in Fighting
  3219 | Orc:1    | Acquired Trog's third power
  3289 | Orc:1    | Reached skill level 17 in Axes
  3403 | Orc:2    | Reached skill level 5 in Armour
  3590 | Orc:2    | Noticed Josephine
  3593 | Orc:2    | Received a gift from Trog
  3608 | Orc:2    | Killed Josephine
  3608 | Orc:2    | Reached skill level 18 in Axes
  3722 | Orc:4    | Entered Level 4 of the Orcish Mines
  3743 | Orc:4    | Found a frozen archway.
  3763 | Orc:4    | Reached XP level 11. HP: 55/89 MP: 11/11
  3902 | Orc:3    | Found a roughly hewn altar of Beogh.
  4018 | Orc:4    | Found a roughly hewn altar of Beogh.
  4034 | Orc:4    | Noticed an orc knight
  4050 | Orc:4    | Shot with a bolt by an orc warrior

Vault maps used:
D:1:      co_arrival_random_square_maze, serial_co_window_serial,
          co_window_paths_a, co_window_of_opportunity_a, co_window_corner_a,
          co_window_of_opportunity_a, co_window_paths_a, co_window_2corner,
          co_window_corner_b, co_window_cross_4, glass_columns_c,
          glass_columns_a, glass_columns_b, glass_columns_a, glass_columns_a
D:2:      first_bread, kennysheep_potato
D:3:      overflow_temple_1_default, uniq_terence, uniq_grinder
D:4:      minmay_temple_entry_metal_lava, dk_vineyard_3, uniq_menkaure,
          uniq_sigmund
D:6:      kennysheep_vampire_church
D:7:      grunt_temple_overflow_open, grunt_ogre_cave
D:8:      lemuel_crystal_altar, amethyst_killhole, kennysheep_pointless_box,
          uniq_grum
D:9:      dpeg_oklobed_lair, basic_altar, grunt_gozag_statues
D:12:     erik_orc_3
Orc:1:    basic_altar
Orc:2:    special_room, rock_pile, uniq_josephine
Orc:3:    nicolae_orc_pool_cavern, minmay_orc_temple_a, uniq_rupert
Orc:4:    st_orc_rangers, portal_ice_cave_entry_animals_and_master,
          serial_shops, shop, basic_altar

Action                   |  1- 3 |  4- 6 |  7- 9 | 10-12 || total
-------------------------+-------+-------+-------+-------++-------
Melee: Hand axe          |   118 |    11 |       |       ||   129
       War axe           |       |    34 |   292 |   215 ||   541
       Battleaxe         |       |       |       |     1 ||     1
Invok: Berserk           |     1 |     2 |     7 |     8 ||    18
       Trog's Hand       |     3 |     2 |     2 |    12 ||    19
Evoke: Wand              |       |       |     1 |     6 ||     7
  Use: Potion            |     1 |       |     1 |       ||     2
       Scroll            |       |     1 |     3 |     6 ||    10
  Eat: Chunk             |       |     2 |    10 |    15 ||    27
       Beef jerky        |       |     1 |     4 |       ||     5
       Bread ration      |       |       |     2 |       ||     2
       Meat ration       |       |       |     1 |       ||     1
